 Dungeon Crawl Stone Soup version 0.31-a0-1-g4198be8af4 (webtiles) character file.

Game seed: 17354484565628201304

2583 MacCMillion the Geomancer (level 9, -7/55 HPs)
             Began as a Gargoyle Earth Elementalist on May 3, 2023.
             Was a Believer of Vehumet.
             Mangled by a two-headed ogre
             ... wielding a +0 giant club
              (14 damage)
             ... on level 6 of the Dungeon.
             The game lasted 00:16:07 (8553 turns).

MacCMillion the Geomancer (GrEE)                    Turns: 8553, Time: 00:16:07

Health: -7/55      AC: 14    Str: 12    XL:     9   Next: 58%
Magic:  20/24      EV: 12    Int: 26    God:    Vehumet [**....]
Gold:   423        SH:  5    Dex: 10    Spells: 9/16 levels left

rFire   . . .        H - +0 dagger (speed)
rCold   . . .        (no shield)
rNeg    + . .        d - +0 leather armour
rPois   ∞            (no helmet)
rElec   +            h - +1 cloak
rCorr   .            m - +2 pair of gloves
SInv    .            (no boots)
Will    .....        p - amulet of reflection
Stlth   ++           t - +6 ring of intelligence
HPRegen 0.29/turn    C - ring of magical power
MPRegen 0.19/turn

%: reflection
@: no status effects
A: sickness immunity, AC +6, negative energy resistance 1, electricity
resistance, torment resistance 1, petrification resistance
a: Renounce Religion


You were on level 6 of the Dungeon.
You worshipped Vehumet.
Vehumet was pleased with you.
You visited 2 branches of the dungeon, and saw 8 of its levels.

You collected 423 gold pieces.

Inventory:

Hand Weapons
 H - a +0 dagger of speed (weapon)
Missiles
 o - 3 throwing nets
Armour
 a - a +0 robe
 d - a +0 leather armour (worn)
 h - a +1 cloak (worn)
 m - a +2 pair of gloves (worn)
 v - the +8 scale mail "Plog" {+Blink Str+4 Int-4 Slay+3}
   (You found it on level 3 of the Dungeon)

   Str:       It affects your strength (+4).
   Int:       It affects your intelligence (-4).
   Slay:      It affects your accuracy & damage with ranged weapons and melee
   (+3).
   +Blink:    It lets you blink.
Jewellery
 f - an amulet of guardian spirit
 p - an amulet of reflection (around neck)
 t - a +6 ring of intelligence (left hand)
 u - a +6 ring of intelligence
 C - a ring of magical power (right hand)
 F - a ring of fire
Scrolls
 g - 2 scrolls of amnesia
 i - 3 scrolls of summoning {unknown}
 l - a scroll of enchant armour
 q - 2 scrolls of vulnerability
 x - a scroll of enchant weapon {unknown}
 y - 2 scrolls of torment {unknown}
 A - a scroll of identify
 B - 2 scrolls of blinking {unknown}
 D - a scroll of poison {unknown}
 E - a scroll of noise {unknown}
 I - a scroll of fear {unknown}
Potions
 b - a potion of magic
 c - 2 potions of lignification
 e - a potion of resistance
 j - a potion of haste
 k - a potion of mutation
 n - 3 potions of heal wounds
 r - a potion of attraction {unknown}
 s - 4 potions of might
 w - 3 potions of curing
 z - 2 potions of brilliance {unknown}
 G - a potion of experience {unknown}
 J - a potion of ambrosia {unknown}


   Skills:
 - Level 5.7 Fighting
 - Level 4.6 Dodging
 - Level 2.1 Stealth
 - Level 4.0 Spellcasting
 - Level 5.0 Conjurations
 - Level 0.7 Transmutations
 + Level 4.2 Ice Magic
 - Level 9.0 Earth Magic


You had 9 spell levels left.
You knew the following spells:

 Your Spells              Type           Power      Damage    Failure   Level
a - Sandblast             Erth           100%       2d20      1%          1
b - Stone Arrow           Conj/Erth      82%        3d12      1%          3
c - Frozen Ramparts       Ice            54%        1d9       5%          3

Your spell library contained the following spells:

 Spells                   Type           Power      Damage    Failure   Level
 Scorch                   Fire           10%        2d5       16%         2
 Freeze                   Ice            100%       1d10      1%          1
 Passwall                 Tmut/Erth      25%        N/A       2%          2
 Hailstorm                Conj/Ice       29%        3d8       4%          3
 Necrotise                Necr           20%        1d5       11%         1
 Dazzling Flash           Conj/Hex       36%        N/A       12%         3
 Petrify                  Tmut/Erth      30%        N/A       14%         4
 Tukima's Dance           Hex            5%         N/A       32%         3
 Passage of Golubria      Tloc           5%         N/A       71%         4
 Arcjolt                  Conj/Air       9%         1d19      71%         5
 Yara's Violent Unravell  Hex/Tmut       3%         3d4       95%         5


Dungeon Overview and Level Annotations

Branches:
Dungeon (7/15)             Temple (1/1) D:6

Altars:
Ashenzari
Cheibriados
Fedhas
Gozag
Hepliaklqana
Kikubaaqudgha
Makhleb
Nemelex Xobeh
Okawaru
Qazlal
Ru
Sif Muna
Trog
Vehumet
Wu Jian
Xom
Yredelemnul
Zin
The Shining One

Annotations:
D:2 1 runed translucent door, Crazy Yiuf
D:3 Ijyb


Innate Abilities, Weirdness & Mutations

You are immune to sickness and miasma.
Your stone body is resilient. (AC +6)
You are immune to poison.
You resist negative energy. (rN+)
You are resistant to electric shocks. (rElec)
You are resistant to unholy torment.
You are immune to petrification.


Message History

The arrow closely misses you.
A white imp comes into view.
The centaur shoots an arrow.
The arrow completely misses you.
The centaur shoots an arrow.
The arrow barely misses you.
The centaur shoots an arrow.
The arrow closely misses you.
The centaur shoots an arrow.
The arrow hits you. The arrow freezes you.
The centaur shoots an arrow.
You block the arrow with an invisible shield... and reflect it back!
The arrow hits the centaur.
The arrow freezes the centaur.
The centaur shoots an arrow.
The arrow barely misses you.
There is a stone staircase leading up here.
The blast of sand hits the two-headed ogre.
The two-headed ogre is lightly wounded.
The centaur shoots an arrow.
The arrow misses you.
The centaur shoots an arrow.
The arrow hits you! The arrow freezes you.
The blast of sand hits the two-headed ogre!!
The two-headed ogre is heavily wounded.
The white imp shouts!
The centaur shoots an arrow.
You block the arrow with an invisible shield... and reflect it back!
The arrow hits the centaur!
The arrow freezes the centaur.
The centaur shoots an arrow.
The arrow hits you! The arrow freezes you.
The centaur drinks a potion.
The centaur is healed!
The two-headed ogre hits you with a +0 giant club.
The two-headed ogre hits you with a +0 giant club!
You climb upwards.
There is a stone staircase leading down here.
Casting: Sandblast (safe; 1% risk of failure)
Confirm with . or Enter, or press ? or * to list all spells.
Aiming: Stone Arrow (safe; 1% risk of failure)
Press: ? - help, Shift-Dir - straight line, f - two-headed ogre
Aim: a two-headed ogre, wielding two +0 giant clubs (heavily wounded, 89% to hit)
The stone arrow hits the two-headed ogre!
The two-headed ogre is severely wounded.
Unknown command.
The two-headed ogre attacks as you move away!
The two-headed ogre hits you with a +0 giant club!
* * * LOW HITPOINT WARNING * * *
The two-headed ogre hits you with a +0 giant club!
You die...

#.########....)..[....##...8...8.
#.# ########....##.......... #.#
##...')..8...⌠... #.#
##..##.......... #.# ###########
######...8...8. #.# #.........#
##........ #.# #.#######.#
##....... #.# #.# ####.######
#...#... #(# #.# #...#.)@O.#
#...#... #.###.# #.##.####.#
#..###.. #.....####.##.#
#.#######..# #.. #####......##.#
#.......#.## ##. #.#######.#
#########_# #_ #.# #.# ### ## #.#
#.# #.#######.# #.........#


You could see a two-headed ogre.

Vanquished Creatures
  A hornet (D:7)
  An ice beast (D:6)
  An orc warrior (D:7)
  2 black bears (D:5)
  3 ogres
  A centaur (D:7)
  A phantom (D:6)
  A bullfrog (D:7)
  2 scorpions
  4 wights
  A howler monkey (D:6)
  4 jellies
  3 gnoll boudas
  4 hounds
  5 orc priests
  2 sleepcaps
  4 iguanas
  10 orc wizards
  12 gnolls
  9 adders
  A shadow imp (D:7)
  A white imp (D:7)
  An ufetubus (D:5)
  A worm (D:2)
  3 dart slugs
  18 orcs
  6 endoplasms
  3 giant cockroaches
  4 goblins
  4 hobgoblins
  10 jackals
  3 quokkas
  6 ball pythons
  10 bats
  4 frilled lizards
  9 kobolds
  5 rats
160 creatures vanquished.

Vanquished Creatures (others)
  14 plants (D:7)
14 creatures vanquished.

Grand Total: 174 creatures vanquished

Notes
Turn   | Place    | Note
-------+----------+-------------------------------------------
     0 | D:1      | MacCMillion the Gargoyle Earth Elementalist began the quest
                  | for the Orb.
     0 | D:1      | Reached XP level 1. HP: 10/10 MP: 3/3
    65 | D:1      | Reached skill level 4 in Earth Magic
   227 | D:1      | Found a faded altar of an unknown god.
   245 | D:1      | Reached XP level 2. HP: 15/15 MP: 3/5
   883 | D:2      | Reached XP level 3. HP: 19/19 MP: 3/6
   884 | D:2      | Reached skill level 5 in Earth Magic
  1010 | D:2      | Found a runed translucent door.
  1011 | D:2      | Noticed Crazy Yiuf
  1282 | D:2      | Reached XP level 4. HP: 24/24 MP: 5/7
  1910 | D:2      | Learned a level 3 spell: Stone Arrow
  2067 | D:3      | Reached skill level 6 in Earth Magic
  2086 | D:3      | Noticed Ijyb
  2311 | D:3      | Reached skill level 1 in Conjurations
  2512 | D:3      | Identified the +8 scale mail "Plog" {+Blink Str+4 Int-4
                  | Slay+3}
  2594 | D:3      | Reached XP level 5. HP: 28/28 MP: 6/8
  3725 | D:4      | Found an ancient bone altar of Kikubaaqudgha.
  3729 | D:4      | Found a shimmering blue altar of Sif Muna.
  3731 | D:4      | Found a radiant altar of Vehumet.
  3734 | D:4      | Got Kikubaaqudgha's Parchment of Zombies
  3744 | D:4      | Became a worshipper of Vehumet
  3895 | D:4      | Reached XP level 6. HP: 22/32 MP: 3/10
  4858 | D:5      | Entered Level 5 of the Dungeon
  4921 | D:5      | Reached skill level 7 in Earth Magic
  5117 | D:5      | Reached XP level 7. HP: 32/36 MP: 7/12
  5439 | D:5      | Reached * piety under Vehumet
  5439 | D:5      | Offered knowledge of Foxfire by Vehumet.
  5814 | D:5      | Reached skill level 8 in Earth Magic
  5880 | D:6      | Reached skill level 5 in Conjurations
  5881 | D:6      | Reached XP level 8. HP: 41/41 MP: 14/14
  5988 | D:6      | Reached skill level 9 in Earth Magic
  5993 | D:6      | Reached skill level 1 in Fighting
  6271 | D:6      | Identified the +0 scale mail of Haujunn {rElec rF+ Will+
                  | Str-2}
  6285 | D:6      | Got Qaonlorr's Excursus on Blows
  6474 | D:6      | Found a sparkling altar of Nemelex Xobeh.
  6479 | D:6      | Found a burning altar of Makhleb.
  6486 | D:6      | Found a bloodstained altar of Trog.
  6489 | D:6      | Found a hazy altar of Hepliaklqana.
  6508 | D:6      | Found a basalt altar of Yredelemnul.
  6618 | D:6      | Offered knowledge of Scorch by Vehumet.
  6630 | D:6      | Reached ** piety under Vehumet
  6670 | D:6      | Found a staircase to the Ecumenical Temple.
  6922 | D:6      | Reached XP level 9. HP: 52/52 MP: 15/15
  7006 | Temple   | Entered the Ecumenical Temple
  7385 | D:6      | Found a sparkling altar of Nemelex Xobeh.
  7390 | D:6      | Found a burning altar of Makhleb.
  7390 | D:6      | Found a basalt altar of Yredelemnul.
  7401 | D:6      | Found a bloodstained altar of Trog.
  7405 | D:6      | Found a hazy altar of Hepliaklqana.
  7821 | D:7      | Reached skill level 5 in Fighting
  7865 | D:7      | Noticed a hornet
  7871 | D:7      | Killed a hornet
  7925 | D:7      | Learned a level 3 spell: Frozen Ramparts
  8171 | D:7      | Reached skill level 1 in Ice Magic
  8542 | D:7      | Noticed a two-headed ogre
  8553 | D:6      | Mangled by a two-headed ogre

Illustrated notes

Levels and vault maps discovered:
D:1:      matt_arrival_spirals, layout_rooms, dreamdust_ecumenical_altar_statues
D:2:      minmay_skewed_foursquare, layout_loops_ring, uniq_crazy_yiuf_cottage
D:3:      layout_loops_ring, uniq_ijyb
D:4:      layout_layer_cave, grunt_temple_overflow_magic_moments, minivault_23,
          minmay_misc_feat_diagonals, grunt_ministairs_12
D:5:      layout_gridville
D:6:      layout_loops_ring, minmay_overflow_temple_star_hex, temple_fountains,
          minmay_fractal_squares_5
D:7:      nzn_winding_woodlands_small [nzn_winding_woodlands_5x15_lazy_stream,
          nzn_winding_woodlands_center_pierced_h,
          nzn_winding_woodlands_5x15_garden], layout_cave_pods,
          dk_noncrumbling_4, uniq_joseph
Temple:   chequers_temple_sunken

Skill      XL: |  1  2  3  4  5  6  7  8  9 |
---------------+----------------------------+-----
Earth Magic    | 4 5 6 7 8 9 |  9.0
Conjurations   | 1 2 3 5 |  5.0
Spellcasting   | 3 4 |  4.0
Fighting       | 4 5 |  5.7
Dodging        | 3 4 |  4.6
Ice Magic      | 4 |  4.2
Stealth        | |  2.1
Transmutations | |  0.7

Action                     |  1- 3 |  4- 6 |  7- 9 || total
---------------------------+-------+-------+-------++-------
  Melee: Dagger            |     5 |     1 |       ||     6
   Cast: Sandblast         |    38 |    77 |    89 ||   204
         Stone Arrow       |       |       |    26 ||    26
    Use: Scroll            |       |     8 |     2 ||    10
 Armour: Robe              |     9 |     9 |    12 ||    30
         Leather armour    |       |       |     5 ||     5
  Dodge: Dodged            |    11 |     4 |    22 ||    37
  Block: Other             |       |     2 |    11 ||    13
         Reflection        |       |     1 |     7 ||     8

Table legend: (Time is in decaauts)
 A = Elapsed time spent in this place.
 B = Non-inter-level travel time spent in this place.
 C = Inter-level travel time spent in this place.
 D = Time resting spent in this place.
 E = Time spent auto-exploring this place.
 F = Levels seen in this place.
 G = Mean time per level.
                   A        B        C        D        E       F      G
               +--------+--------+--------+--------+--------+-----+--------+
         Total |   8701 |   8243 |    458 |    896 |   6137 |   8 | 1087.6 |
       Dungeon |   8469 |   8043 |    426 |    896 |   5943 |   7 | 1209.9 |
        Temple |    232 |    201 |     31 |      0 |    194 |   1 |  232.0 |
               +--------+--------+--------+--------+--------+-----+--------+

Top non-repeatable levels by time:
     D:6: 1948 daAuts
     D:3: 1539 daAuts
     D:4: 1400 daAuts
     D:2: 1265 daAuts
     D:5: 1059 daAuts
     D:1: 758 daAuts
     D:7: 497 daAuts
  Temple: 232 daAuts
